 Dungeon Crawl Stone Soup version 0.29.1-14-g9c671dbff4 (webtiles) character file.

Game seed: 900320499921296353

13 hawla the Firebug (level 2, 0/20 HPs)
             Began as a Meteoran Fire Elementalist on Feb 12, 2023.
             Slain by a hobgoblin (1 damage)
             ... on level 2 of the Dungeon.
             The game lasted 00:01:50 (127 turns).

hawla the Firebug (Meteoran Fire Elementalist)       Turns: 127, Time: 00:01:50

Health: 0/20       AC:  2    Str:  9    XL:     2   Next: 70%
Magic:  2/7        EV: 12    Int: 16    God:
Gold:   12         SH:  0    Dex: 14    Spells: 4/7 levels left

rFire   . . .      SeeInvis .   (no weapon)
rCold   . . .      Faith    .   (no shield)
rNeg    . . .      Spirit   .   a - +0 robe
rPois   .          Reflect  .   (no helmet)
rElec   .          Harm     .   (no cloak)
rCorr   .          Rampage  .   (no gloves)
Will    .....                   (no boots)
Stlth   +.........              (no amulet)
HPRegen 0.06/turn               (no ring)
MPRegen 0.10/turn               (no ring)

@: lethally poisoned (0 -> -3), very slightly contaminated, glowing
A: sense surroundings 1, otherworldly, glowing, explore regen
a: no special abilities


You were on level 2 of the Dungeon.
You visited 1 branch of the dungeon, and saw 2 of its levels.

You collected 12 gold pieces.

Inventory:

Armour
 a - a +0 robe (worn)
Scrolls
 c - a scroll of teleportation {unknown}


   Skills:
 + Level 2.5 Dodging
 - Level 1.4 Stealth
 + Level 3.0 Spellcasting
 + Level 1.2 Conjurations
 + Level 4.2 Fire Magic


You had 4 spell levels left.
You knew the following spells:

 Your Spells              Type           Power      Damage    Failure   Level
a - Foxfire               Conj/Fire      44%        2x1d6     6%          1
b - Scorch                Fire           32%        2d7       4%          2

Your spell library contained the following spells:

 Spells                   Type           Power      Damage    Failure   Level
 Conjure Flame            Conj/Fire      11%        6-21      19%         3
 Inner Flame              Hex/Fire       9%         N/A       24%         3
 Flame Wave               Conj/Fire      11%        2d6       52%         4


Dungeon Overview and Level Annotations

Branches:
Dungeon (2/15) Zot: 1072

Altars:

Annotations:
D:2 Terence


Innate Abilities, Weirdness & Mutations

You passively map a small area around you.
You are easily found by Zot.
You glow in the dark.
You regain HP and MP as you explore.


Message History

Your foxfire dissipates!
You feel very sick.
The foxfire hits Terence!
Terence is burned terribly!
Terence is almost dead.
Terence misses you.
You feel sick.
Casting: Foxfire (safe; 6% risk of failure)
Confirm with . or Enter, or press ? or * to list all spells.
Flames lash the adder.
The adder is severely wounded.
The adder's fire resistance burns away.
* * * LOW HITPOINT WARNING * * *
You feel sick. The adder bites you but does no damage.
The adder closely misses you.
You aren't carrying any potions.
Unknown command.
You aren't carrying any potions.
Casting: Scorch (safe; 4% risk of failure)
Confirm with . or Enter, or press ? or * to list all spells.
You miscast Scorch.
You are very lightly contaminated with residual magic.
Nothing appears to happen.
* * * LOW HITPOINT WARNING * * *
You feel sick. The adder bites you but does no damage.
Found 8 stones.
* * * LOW HITPOINT WARNING * * *
You feel sick. The adder misses you. The adder attacks as you move away!
The adder barely misses you.
A hobgoblin comes into view.
Found a buckler.
* * * LOW HITPOINT WARNING * * *
You feel sick.
The hobgoblin shouts!
The hobgoblin moves out of view.
* * * LOW HITPOINT WARNING * * *
You feel sick.
Terence is no longer more vulnerable to fire.
The adder is no longer more vulnerable to fire.
The adder bites you but does no damage. The hobgoblin hits you.
You die...

, * * * , , * *
**** * * , * #. *
##### , *,* #.*
####...... * * *
##.####.@[....# ,
....(..S#g###.# ,
* , **
##.#.###@#.#
#####.###.$..#.. *
....)..=..#w####.
#.#†###.........,
,#w..#..........
**#.#.#.#.##...###
#####.....##...# *


You could see Terence, a worm, an adder and a hobgoblin.

Vanquished Creatures
  A worm (D:2)
  A dart slug (D:1)
  A bat (D:1)
  An endoplasm (D:1)
  2 giant cockroaches (D:1)
  2 frilled lizards (D:1)
8 creatures vanquished.

Vanquished Creatures (others)
  18 foxfires
18 creatures vanquished.

Grand Total: 26 creatures vanquished

Notes
Turn   | Place    | Note
-------+----------+-------------------------------------------
     0 | D:1      | hawla the Meteoran Fire Elementalist began the quest for
                  | the Orb.
     0 | D:1      | Reached XP level 1. HP: 14/14 MP: 5/5
    47 | D:1      | Reached skill level 4 in Fire Magic
    47 | D:1      | Reached XP level 2. HP: 18/20 MP: 1/6
    71 | D:1      | Learned a level 2 spell: Scorch
   107 | D:2      | Noticed Terence
   127 | D:2      | HP: 1/20 [poisoned by an adder]
   127 | D:2      | Slain by a hobgoblin

Illustrated notes

Levels and vault maps discovered:
D:1:      erik_arrival_cave_to_civilisation [erik_arrival_cave_to_hall],
          layout_loops_ring, serial_shops, shop, nicolae_diamond_shop,
          shop_fountains, chequers_ecumenical_altar_twisty,
          nicolae_figureground_pulse
D:2:      layout_loops_ring, uniq_terence

Skill      XL: |  1  2 |
---------------+-------+-----
Fire Magic     | 4 |  4.2
Spellcasting   | 3 |  3.0
Dodging        | |  2.5
Stealth        | |  1.4
Conjurations   | |  1.2

Action                   || total
-------------------------++-------
Melee: Unarmed           ||    11
 Cast: Foxfire           ||    13
       Scorch            ||     8
  Use: Potion            ||     1
Armor: Robe              ||     4
Dodge: Dodged            ||    10
